 Dungeon Crawl Stone Soup version 0.25-a0-306-g3faca94807 (webtiles) character file.

Game seed: 9050997765911203160, levelgen mode: deterministic

10040 Gargoyl the Envoy of Void (level 11, -6/89 HPs)
             Began as a Centaur Abyssal Knight on Dec 21, 2019.
             Was a High Priest of Lugonu.
             Mangled by a komodo dragon (23 damage)
             ... on level 1 of the Lair of Beasts.
             The game lasted 00:23:41 (13978 turns).

Gargoyl the Envoy of Void (Centaur Abyssal Knight) Turns: 13978, Time: 00:23:41

Health: -6/89      AC: 18    Str: 17    XL:     11   Next: 30%
Magic:  16/16      EV:  7    Int: 11    God:    Lugonu [*****.]
Gold:   432        SH:  9    Dex: 10    Spells: 10/10 levels left

rFire    . . .     SeeInvis .   a - +2 hand axe (freeze)
rCold    . . .     Gourm    .   g - +0 shield
rNeg     + . .     Faith    .   e - +0 chain mail
rPois    .         Spirit   .   (helmet restricted)
rElec    .         Reflect  .   H - +1 cloak
rCorr    .         Harm     .   b - +2 pair of gloves
MR       .....                  (no barding)
Stlth    ..........             n - amulet of magic regeneration
HPRegen  0.24/turn              l - +3 ring of protection
MPRegen  0.40/turn              C - ring of positive energy

@: very quick
A: large, antennae 1, hooves 3, repulsion field 1, blink, blurry vision 1,
deformed body, speed 2, tough skin 3
a: Blink, Depart the Abyss, Bend Space, Banish, Corrupt, Enter the Abyss,
Renounce Religion


You were on level 1 of the Lair of Beasts.
You worshipped Lugonu.
Lugonu was extremely pleased with you.
You were not hungry.

You visited 2 branches of the dungeon, and saw 10 of its levels.
You visited the Abyss 1 time.
You also visited: Ossuary and Bailey.

You collected 836 gold pieces.
You spent 404 gold pieces at shops.

Inventory:

Hand Weapons
 a - a +2 hand axe of freezing (weapon)
 d - a +2 hand axe of flaming
Missiles
 y - 9 boomerangs (quivered)
Armour
 b - a +2 pair of gloves (worn)
 e - a +0 chain mail (worn)
 g - a +0 shield (worn)
 H - a +1 cloak (worn)
Jewellery
 l - a +3 ring of protection (left hand)
 n - an amulet of magic regeneration (around neck)
 C - a ring of positive energy (right hand)
 I - an uncursed ring of protection from cold
Wands
 p - a wand of digging (4)
 A - a wand of flame (19)
 F - a wand of disintegration (13)
Scrolls
 f - a scroll of magic mapping
 j - 8 scrolls of remove curse
 k - a scroll of fog
 o - 5 scrolls of teleportation
 v - a scroll of identify
 B - a scroll of fear
Potions
 h - 2 potions of brilliance
 i - 3 potions of magic
 m - 6 potions of curing
 q - 2 potions of might
 r - a potion of cancellation
 s - 4 potions of lignification
 t - 5 potions of haste
 u - 3 potions of berserk rage
 w - 3 potions of agility
 x - 4 potions of ambrosia
 z - 4 potions of heal wounds
 D - a potion of resistance {unknown}
 E - a potion of invisibility
Comestibles
 c - 12 rations


   Skills:
 + Level 5.9 Fighting
 + Level 7.8 Axes
 + Level 1.3 Throwing
 * Level 7.6 Armour
 * Level 5.1 Dodging
 + Level 4.1 Shields
 * Level 7.9 Invocations
 + Level 1.2 Evocations


You had 10 spell levels left.
You didn't know any spells.
Your spell library contained the following spells:

 Spells                   Type           Power        Failure   Level  Hunger
 Animate Skeleton         Necr           N/A          100%        1    ##.....
 Pain                     Necr           #...         100%        1    ##.....
 Shock                    Conj/Air       #...         100%        1    ##.....
 Swiftness                Chrm/Air       #.......     100%        2    ###....
 Regeneration             Chrm/Necr      #.........   100%        3    ####...
 Static Discharge         Conj/Air       #.......     100%        3    ####...
 Vampiric Draining        Necr           #.........   100%        3    ####...
 Airstrike                Air            #.........   100%        4    #####..
 Animate Dead             Necr           N/A          100%        4    #####..
 Leda's Liquefaction      Hex/Erth       #.........   100%        4    #####..
 Bolt of Magma            Conj/Fire/Erth #.........   100%        5    ######.
 Lightning Bolt           Conj/Air       #.........   100%        5    ######.
 Iron Shot                Conj/Erth      #.........   100%        6    #######
 Statue Form              Tmut/Erth      #........    100%        6    #######
 Shatter                  Erth           #.........   100%        9    #######


Dungeon Overview and Level Annotations

Branches:
Dungeon (9/15)             Temple (0/1) D:6            Lair (1/6) D:8
Ossuary (visited)          Bailey (visited)
    Orc: D:9-12

Altars:
Ashenzari
Cheibriados
Dithmenos
Elyvilon
Gozag
Hepliaklqana
Kikubaaqudgha
Nemelex Xobeh
Okawaru
Trog
Uskayaw
Vehumet
Wu Jian
Yredelemnul
Zin
The Shining One

Shops:
D:5 ?   D:6 !*[   D:7 %   D:9 [


Innate Abilities, Weirdness & Mutations

You have hooves in place of feet.
Armour fits poorly on your strangely shaped body.
You cover ground very quickly.
You have extremely tough skin. (AC +3)
You have a pair of small antennae on your head.
You are surrounded by a mild repulsion field. (EV +2)
You can translocate small distances at will.
Scrolls take you a little longer to read.


Message History

You closely miss the komodo dragon.
The komodo dragon is almost dead.
The komodo dragon bites you!!
You hit the komodo dragon. You freeze the komodo dragon.
Your kick misses the komodo dragon.
The komodo dragon is almost dead.
You block the komodo dragon's attack.
You hit the komodo dragon.
The komodo dragon seems to slow down.
You freeze the komodo dragon.
The komodo dragon is almost dead.
You hit the komodo dragon but do no damage.
The komodo dragon is almost dead.
The komodo dragon bites you!!
* * * LOW HITPOINT WARNING * * *
Unknown command.
You hit the komodo dragon.
The komodo dragon seems to slow down.
You freeze the komodo dragon.
The komodo dragon is almost dead.
The komodo dragon bites you!!
You die...

....###.#
###..P.##(............
..P###..##
#.......#.P#.....####.
#.## ##..#
#.#...#..#####..######
. #.####...###..#
##.......
#....†...#.#.P#
#.###..P
.......#####.#....#
#)# #### ########
#.#....# ... #
###.$#..# #.# ##
##@#{.... .. ##. {#l#
#.#. #..


rl# # ### #.. .#.# #.# #.. #.#.# (.# ##. . #.# #.P ## .# #.# #.# #. #.# #.# #<#
You could see 2 komodo dragons and a porcupine.

Vanquished Creatures
  Pikel (D:4)
  Prince Ribbit (D:8)
  3 hippogriffs
  Sigmund (D:5)
  10 yaks (D:9)
  A basilisk (D:8)
  A wyvern (Lair:1)
  Eustachio (D:5)
  2 fire bats (D:8)
  Grum (D:8)
  A hungry ghost (D:8)
  Edmund (D:5)
  2 water moccasins (Lair:1)
  2 porcupines (Lair:1)
  2 ice beasts
  3 sky beasts
  4 phantoms
  6 orc warriors
  3 centaurs
  An ogre (D:7)
  2 wolves (D:8)
  Blork the orc (D:6)
  A crocodile (D:8)
  6 bullfrogs
  A water moccasin zombie (D:5)
  3 scorpions
  7 killer bees (D:7)
  9 wights
  7 howler monkeys
  2 lava snakes (D:8)
  5 crimson imps
  A quasit (D:9)
  9 hounds
  2 centaur zombies
  Crazy Yiuf (D:6)
  2 orc priests
  A bullfrog skeleton (D:8)
  A jelly (D:8)
  11 orc wizards
  3 iguanas
  A centaur skeleton (D:4)
  4 worker ants
  2 killer bee zombies
  A hound zombie (D:5)
  8 mummies (Ossuary)
  A howler monkey zombie (D:6)
  13 adders
  A shadow imp (D:7)
  3 oozes
  3 adder skeletons
  3 worms
  4 dart slugs
  5 leopard geckos
  58 orcs
  6 giant cockroaches
  8 goblins
  6 hobgoblins
  12 jackals
  4 quokkas
  3 ball pythons
  4 bats
  4 frilled lizards
  3 hobgoblin zombies (Ossuary)
  10 kobolds
  A kobold zombie (Ossuary)
  A leopard gecko zombie (D:5)
  4 orc zombies (Ossuary)
  A quokka skeleton (D:5)
  7 rats
303 creatures vanquished.

Vanquished Creatures (others)
  An elephant (D:8)
  A spiny frog (Lair:1)
  2 fire bats (D:8)
  An orc warrior (Bailey)
  3 fire vortices (D:8)
8 creatures vanquished.

Grand Total: 311 creatures vanquished

Notes
Turn   | Place    | Note
-------+----------+-------------------------------------------
     0 | Abyss:1  | Gargoyl the Centaur Abyssal Knight began the quest for the
                  | Orb.
     0 | Abyss:1  | Reached XP level 1. HP: 19/19 MP: 2/2
     3 | Abyss:1  | Found a corrupted altar of Lugonu.
    60 | Abyss:2  | Noticed a large abomination
    60 | Abyss:2  | Noticed a neqoxec
    90 | Abyss:2  | Noticed a large abomination
   100 | Abyss:2  | Noticed a smoke demon
   102 | D:1      | Escaped the Abyss
   167 | D:1      | Reached * piety under Lugonu
   167 | D:1      | Reached XP level 2. HP: 26/26 MP: 3/3
   966 | D:2      | Reached skill level 1 in Dodging
  1117 | D:2      | Found a hazy altar of Hepliaklqana.
  1132 | D:2      | Reached XP level 3. HP: 28/31 MP: 4/4
  1260 | D:2      | Found a snail-covered altar of Cheibriados.
  1566 | D:2      | Reached ** piety under Lugonu
  1795 | D:3      | Reached XP level 4. HP: 33/38 MP: 5/5
  2216 | D:3      | Found a basalt altar of Yredelemnul.
  2453 | D:3      | Found a shadowy altar of Dithmenos.
  2565 | D:3      | Found a snail-covered altar of Cheibriados.
  2878 | D:4      | Gained mutation: You can translocate small distances at
                  | will. [potion of mutation]
  2878 | D:4      | Gained mutation: You have a pair of small horns on your
                  | head. [potion of mutation]
  2878 | D:4      | Gained mutation: Your flesh is heat resistant. (rF+)
                  | [potion of mutation]
  2882 | D:4      | Reached XP level 5. HP: 13/45 MP: 7/7
  3106 | D:4      | Found a sand-covered staircase.
  3111 | Ossuary  | Entered an ossuary
  3455 | Ossuary  | Reached *** piety under Lugonu
  3715 | D:4      | Reached XP level 6. HP: 51/52 MP: 8/8
  4113 | D:4      | Found an opulent altar of Gozag.
  4114 | D:4      | Found a glowing silver altar of Zin.
  4351 | D:4      | Noticed a slave
  4352 | D:4      | Noticed a slave
  4353 | D:4      | Noticed a slave
  4354 | D:4      | Noticed Pikel
  4363 | D:4      | Noticed a slave
  4395 | D:4      | Killed Pikel
  4395 | D:4      | Reached skill level 1 in Shields
  4395 | D:4      | Reached XP level 7. HP: 15/59 MP: 8/10
  4752 | D:5      | Entered Level 5 of the Dungeon
  4772 | D:5      | Noticed Eustachio
  5152 | D:5      | Killed Eustachio
  5152 | D:5      | Reached XP level 8. HP: 65/66 MP: 11/11
  5461 | D:5      | Found an ancient bone altar of Kikubaaqudgha.
  5509 | D:5      | Noticed Sigmund
  5539 | D:5      | Killed Sigmund
  5698 | D:5      | Reached skill level 5 in Invocations
  5942 | D:5      | Noticed Edmund
  5966 | D:5      | Killed Edmund
  5966 | D:5      | Reached skill level 5 in Axes
  5979 | D:5      | Lost mutation: Your flesh is heat resistant. (rF+) [potion
                  | of mutation]
  5979 | D:5      | Lost mutation: You can translocate small distances at will.
                  | [potion of mutation]
  5979 | D:5      | Lost mutation: You have a pair of small horns on your head.
                  | [potion of mutation]
  5979 | D:5      | Gained mutation: You are clumsy. (Dex -2) [potion of
                  | mutation]
  5979 | D:5      | Gained mutation: You have a pair of small antennae on your
                  | head. [potion of mutation]
  5979 | D:5      | Gained mutation: You are frail. (-10% HP) [potion of
                  | mutation]
  5979 | D:5      | Lost mutation: You are clumsy. (Dex -2) [potion of
                  | mutation]
  5980 | D:5      | Lost mutation: You are frail. (-10% HP) [potion of
                  | mutation]
  5980 | D:5      | Lost mutation: You have a pair of small antennae on your
                  | head. [potion of mutation]
  5980 | D:5      | Gained mutation: Your skin changes colour to match your
                  | surroundings (Stealth+). [potion of mutation]
  5980 | D:5      | Gained mutation: Your flesh is cold resistant. (rC+)
                  | [potion of mutation]
  6149 | D:5      | Found Pigym's Magic Scroll Shop.
  6157 | D:5      | Bought a scroll of enchant weapon for 90 gold pieces
  6293 | D:6      | Found a staircase to the Ecumenical Temple.
  6309 | D:6      | Found Tibere's Antique Armour Boutique.
  6353 | D:6      | Reached skill level 5 in Armour
  6503 | D:6      | Found an iron altar of Okawaru.
  6509 | D:6      | Found Qeler's Distillery.
  6516 | D:6      | Bought a potion of heal wounds for 65 gold pieces
  6516 | D:6      | Bought a potion of heal wounds for 65 gold pieces
  6520 | D:6      | Found Ytileumi's Assorted Antiques.
  6523 | D:6      | Bought a potion of mutation for 184 gold pieces
  6524 | D:6      | Lost mutation: Your skin changes colour to match your
                  | surroundings (Stealth+). [potion of mutation]
  6524 | D:6      | Lost mutation: Your flesh is cold resistant. (rC+) [potion
                  | of mutation]
  6524 | D:6      | Gained mutation: You are somewhat resistant to further
                  | mutation. [potion of mutation]
  6524 | D:6      | Gained mutation: Your muscles are strong. (Str +2) [potion
                  | of mutation]
  6524 | D:6      | Gained mutation: You have a pair of small horns on your
                  | head. [potion of mutation]
  6693 | D:6      | Found a sparkling altar of Nemelex Xobeh.
  6700 | D:6      | Reached **** piety under Lugonu
  6700 | D:6      | Reached XP level 9. HP: 66/72 MP: 13/13
  6704 | D:6      | Found a shattered altar of Ashenzari.
  6716 | D:6      | Found a white marble altar of Elyvilon.
  6719 | D:6      | Found a glowing golden altar of the Shining One.
  6799 | D:6      | You fall into a shaft and drop 3 floors!
  6799 | D:9      | Found a flagged portal.
  6815 | Bailey   | Entered a bailey
  7394 | D:9      | Found a radiant altar of Vehumet.
  7503 | D:9      | Found Ehadwen's Armour Emporium.
  7727 | D:8      | Found a staircase to the Lair.
  7727 | D:8      | Noticed an elephant
  7764 | D:8      | Got an ancient leather armour
  7775 | D:8      | Identified the cursed +0 leather armour of the Ditch-Digger
                  | {Str+4} (You found it on level 8 of the Dungeon)
  7850 | D:8      | Reached skill level 5 in Fighting
  7901 | D:8      | Banished an elephant
  7959 | D:8      | Reached XP level 10. HP: 49/81 MP: 14/14
  8829 | D:7      | Noticed Prince Ribbit
  8849 | D:8      | Found a glowing silver altar of Zin.
  9017 | D:8      | Killed Prince Ribbit
  9180 | D:8      | Noticed Grum
  9340 | D:8      | Killed Grum
  9340 | D:8      | Reached skill level 1 in Throwing
  9340 | D:8      | Reached skill level 1 in Evocations
  9671 | D:6      | Noticed Blork the orc
  9683 | D:6      | Killed Blork the orc
  9829 | D:6      | Found a runed translucent door.
  9830 | D:6      | Noticed Crazy Yiuf
  9838 | D:6      | Killed Crazy Yiuf
  9958 | D:7      | Reached ***** piety under Lugonu
 10107 | D:7      | Lost mutation: You are somewhat resistant to further
                  | mutation. [potion of mutation]
 10107 | D:7      | Lost mutation: You have a pair of small horns on your head.
                  | [potion of mutation]
 10107 | D:7      | Lost mutation: Your muscles are strong. (Str +2) [potion of
                  | mutation]
 10107 | D:7      | Gained mutation: You are surrounded by a mild repulsion
                  | field. (EV +2) [potion of mutation]
 10107 | D:7      | Gained mutation: Scrolls take you a little longer to read.
                  | [potion of mutation]
 10107 | D:7      | Gained mutation: You can translocate small distances at
                  | will. [potion of mutation]
 10107 | D:7      | Gained mutation: You have a pair of small antennae on your
                  | head. [potion of mutation]
 10981 | D:7      | Found Emoqehop's Food Shoppe.
 11793 | D:9      | Reached XP level 11. HP: 67/89 MP: 16/16
 11989 | D:9      | Reached skill level 5 in Dodging
 12264 | D:9      | Found an ornate altar of the Wu Jian Council.
 12272 | D:9      | Found a bloodstained altar of Trog.
 12476 | D:9      | Found a hide-covered altar of Uskayaw.
 12860 | Lair:1   | Entered Level 1 of the Lair of Beasts
 13254 | Lair:1   | HP: 4/89 [poisoned by a spiny frog]
 13260 | Lair:1   | HP: 3/89 [poisoned by a spiny frog]
 13268 | Lair:1   | HP: 3/89 [poisoned by a spiny frog]
 13276 | Lair:1   | HP: 2/89 [poisoned by a spiny frog]
 13978 | Lair:1   | Mangled by a komodo dragon

Levels and vault maps discovered:
D:1:      lightli_arrival_maybe_door_vault, layout_basic
D:2:      layout_basic, lemuel_doored_altar, minmay_crystal_room,
          lemuel_tele_altar
D:3:      layout_rooms, lemuel_crystal_altar, old_standard_altar,
          grunt_dithmenos_smoke_and_mirrors, st_stairs_12,
          chequers_hall_statues_y, amethyst_killhole
D:4:      layout_gridville, grunt_temple_overflow_gold_and_silver,
          enter_ossuary_2, uniq_pikel
D:5:      layout_gridville, nicolae_overflow_crystal_walls, first_ration,
          serial_shops, shop, uniq_edmund, uniq_eustachio, uniq_sigmund
D:6:      layout_rooms, okawaru_trees_2, grunt_temple_overflow_cloverleaf,
          minmay_temple_entry_arrows, serial_shops, shop, shop,
          nicolae_shop_window_shopping, kennysheep_path_1, uniq_blork_the_orc,
          uniq_crazy_yiuf_cottage
D:7:      layout_rooms, serial_shops, shop, uniq_prince_ribbit1
D:8:      layout_rooms, david_lair_generic, basic_altar, minmay_holes,
          hangedman_incinerator, uniq_grum
D:9:      layout_basic, lemuel_coloured_pillars_altar, lemuel_crystal_altar,
          lemuel_crystal_altar, kennysheep_little_box, serial_shops, shop,
          enter_bailey_3
Lair:1:   layout_loops_ring, serial_bayou_pond_e, hangedman_lair_unloving_vines,
          beast_lair_carwin_8

Skill      XL: |  1  2  3  4  5  6  7  8  9 10 11 |
---------------+----------------------------------+-----
Dodging        | 1 2 3 4 5 |  5.1
Axes           | 2 3 4 5 6 7 |  7.8
Armour         | 2 3 4 5 6 7 |  7.6
Invocations    | 3 4 5 6 7 |  7.9
Fighting       | 4 5 |  5.9
Shields        | 1 2 3 4 |  4.1
Throwing       | 1 |  1.3
Evocations     | 1 |  1.2

Action                   |  1- 3 |  4- 6 |  7- 9 | 10-12 || total
-------------------------+-------+-------+-------+-------++-------
Melee: Hand axe          |    88 |   228 |   349 |   577 ||  1242
       Kick              |    15 |    47 |    69 |   119 ||   250
       Headbutt          |       |    20 |    41 |    32 ||    93
Throw: Boomerang         |       |       |       |    27 ||    27
Invok: Depart the Abyss  |     1 |       |       |       ||     1
       Banish            |       |       |     2 |     3 ||     5
       Bend Space        |       |       |       |     2 ||     2
Evoke: Wand              |       |       |    11 |     7 ||    18
  Use: Scroll            |     5 |     3 |     6 |    13 ||    27
       Potion            |       |     8 |     4 |     7 ||    19
 Stab: Invisible         |       |     2 |       |       ||     2
       Paralysed         |       |       |     2 |       ||     2
  Eat: Chunk             |     1 |     4 |    10 |    10 ||    25
       Ration            |       |     1 |     2 |     3 ||     6
Armor: Chain mail        |    70 |   148 |   274 |   303 ||   795
       Skin              |       |     9 |       |     4 ||    13
Dodge: Dodged            |    25 |    10 |    68 |   146 ||   249
Block: Shield            |       |    74 |   138 |   276 ||   488

Table legend:
 A = Non-vault XP
 B = Vault XP
 C = Vault XP percentage of total XP
 D = Non-vault monster count
 E = Vault monster count
 F = Vault count percentage of total count
                 A         B        C        D         E       F
            +---------+---------+-------+---------+---------+-------
      Total |    9733 |    4610 |  32.1 |     243 |      65 |  21.1
            +---------+---------+-------+---------+---------+-------
        D:1 |      17 |       0 |   0.0 |      12 |       0 |   0.0
        D:2 |      67 |       0 |   0.0 |      28 |       0 |   0.0
        D:3 |      97 |       0 |   0.0 |      24 |       0 |   0.0
        D:4 |     308 |     617 |  66.7 |      18 |       1 |   5.3
        D:5 |     544 |     576 |  51.4 |      24 |       3 |  11.1
        D:6 |     794 |     138 |  14.8 |      14 |       2 |  12.5
        D:7 |    1832 |       0 |   0.0 |      37 |       0 |   0.0
        D:8 |    1506 |    2185 |  59.2 |      37 |      14 |  27.5
        D:9 |    3606 |       8 |   0.2 |      43 |       4 |   8.5
     Lair:1 |     962 |     143 |  12.9 |       6 |       1 |  14.3
    Ossuary |       0 |     153 | 100.0 |       0 |      16 | 100.0
     Bailey |       0 |     790 | 100.0 |       0 |      24 | 100.0
            +---------+---------+-------+---------+---------+-------
